AoeStats
← AiM | mc_cario

Arabia

509018394Analyzed
4v4 RM · 8d ago on Sep 25, 2026· 15m 15s· 8 players
Game mode
Random Map
Map size
Large (8 player)
Population
200
Speed
Normal
Resources
Standard
Victory
Conquest
Starting age
Dark Age
Ending age
Imperial Age
RankedLock teamsTeams togetherTeam positionsShared explorationLock speedFull tech treeHidden civsTurbo modeCheats
Victory
Defeat
🇦🇷 Persians · Argentina
1611
+10
🇨🇱 Franks · Chile
1598
+11
🇲🇽 Shu · Mexico
1579
+11
🇨🇱 Ethiopians · Chile
1348
+20
🇧🇷 Teutons · Brazil
1576
-18
🇧🇷 Franks · Brazil
1480
-13
🇺🇸 Sicilians · United States
1428
-11
🇺🇸 Romans · United States
1400
-10
Hope
6:06 Loom
8:45 Feudal Age
Fs.Emmanuel
7:37 Loom
10:13 Feudal Age
10:43 Double-Bit Axe
meh
11:04 Feudal Age
11:06 Man-at-Arms
13:04 Loom
GAX | Urubu
7:36 Loom
9:49 Feudal Age
10:57 Double-Bit Axe
13:48 Horse Collar
AiM | Fubuki Sinri
7:02 Loom
9:15 Feudal Age
11:18 Fletching
AiM | mc_cario
5:24 Loom
8:39 Feudal Age
13:42 Wheelbarrow
15:04 Double-Bit Axe
AiM | PoRRo
6:07 Loom
10:47 Feudal Age
AIM | Agua cate 98
1:37 Loom
6:50 Loom
9:06 Feudal Age
9:40 Double-Bit Axe
10:22 Man-at-Arms
14:07 Wheelbarrow
14:40 Horse Collar
16:00 Forging
Connection lost

Rejoining the realm…

Still unreachable

The connection could not be restored.

Session expired

The server has moved on; the page needs a fresh start.